 Dungeon Crawl Stone Soup version 0.21.1-1-g345015fe64 (webtiles) character file.

4807 Kholdaimon the Magician (level 10, -1/79 HPs)
             Began as a Gnoll Skald on June 21, 2018.
             Was a Believer of Okawaru.
             Slain by an orc warrior
             ... wielding a +0 hand axe
              (5 damage)
             ... in a bailey on June 22, 2018.
             The game lasted 01:32:38 (9594 turns).

Kholdaimon the Magician (Gnoll Skald)               Turns: 9594, Time: 01:32:38

Health: -1/79      AC: 17    Str: 21    XL:     10   Next: 48%
Magic:  2/21       EV: 16    Int: 13    God:    Okawaru [**....]
Gold:   475        SH:  0    Dex: 14    Spells: 17/23 levels left

rFire    . . .     SeeInvis .   C - +3 war axe
rCold    + . .     Gourm    .   (no shield)
rNeg     . . .     Faith    .   A - +5 leather armour of Iqakog {rC+ Str+5 Int-4}
rPois    .         Spirit   .   D - +1 helmet
rElec    .         Reflect  .   W - +0 cloak
rCorr    .         Harm     .   v - +0 pair of gloves
MR       .....                  n - +1 pair of boots
Stlth    +++.......             (no amulet)
HPRegen  1.23/turn              s - +2 ring of protection
MPRegen  0.17/turn              T - ring of wizardry

@: very slightly contaminated, regenerating (expiring)
A: distributed training, fangs 1, strong nose
a: Heroism, Renounce Religion


You were in a bailey.
You worshipped Okawaru.
Okawaru was pleased with you.
You were not hungry.

You visited 2 branches of the dungeon, and saw 9 of its levels.
You also visited: Ossuary and Bailey.

You collected 505 gold pieces.
You spent 30 gold pieces at shops.

Inventory:

Hand Weapons
 b - a +2 trident of freezing
 f - a +1 hunting sling
 j - a +1 short sword of draining
 t - a +0 shortbow
 C - a +3 war axe (weapon)
 I - a +3 battleaxe
 J - a +1 long sword of electrocution
Missiles
 e - 45 bolts
 g - 15 poisoned needles
 i - 219 stones (quivered)
 w - 158 arrows
 F - 8 needles of confusion
 L - 61 sling bullets
Armour
 n - a +1 pair of boots (worn)
 v - a +0 pair of gloves (worn)
 A - the +5 leather armour of Iqakog (worn) {rC+ Str+5 Int-4}
   (You found it on level 7 of the Dungeon)

   It affects your strength (+5).
   It affects your intelligence (-4).
   It protects you from cold.
 D - a +1 helmet (worn)
 W - a +0 cloak (worn)
Jewellery
 k - an uncursed ring of flight
 s - a +2 ring of protection (left hand)
 y - an uncursed ring of fire
 O - an uncursed ring of protection from magic
 P - an uncursed ring of protection from fire
 T - a ring of wizardry (right hand)
Wands
 M - a wand of paralysis (11)
 X - a wand of clouds (5)
Scrolls
 h - 2 scrolls of enchant armour
 u - a scroll of enchant weapon
 z - 2 scrolls of teleportation
 G - a scroll of magic mapping
 H - a scroll of acquirement
 N - a scroll of fog
 Q - a scroll of blinking
 S - 4 scrolls of remove curse
 U - a scroll of silence
 V - 2 scrolls of fear
Potions
 a - a potion of might
 l - a potion of ambrosia
 m - a potion of resistance
 o - 2 potions of heal wounds
 p - 2 potions of agility
 q - 4 potions of haste
 x - 6 potions of curing
 B - 2 potions of brilliance
 E - a potion of magic
 Y - 3 potions of lignification {unknown}
Books
 c - a book of Battle

   Spells                             Type                      Level
   a - Infusion                       Charms                       1
   b - Shroud of Golubria             Charms/Translocation         2
   c - Song of Slaying                Charms                       2
   d - Spectral Weapon                Hexes/Charms                 3
   e - Regeneration                   Charms/Necromancy            3
Miscellaneous
 r - a lamp of fire
Comestibles
 d - 9 rations
 Z - 3 chunks of flesh


   Skills:
 + Level 7.0 Fighting
 + Level 5.2 Short Blades
 + Level 5.2 Long Blades
 + Level 7.0 Axes
 + Level 5.2 Maces & Flails
 + Level 5.2 Polearms
 + Level 5.2 Staves
 + Level 5.2 Slings
 + Level 5.2 Bows
 + Level 5.2 Crossbows
 + Level 5.2 Throwing
 + Level 5.9 Armour
 + Level 7.0 Dodging
 + Level 5.2 Stealth
 + Level 5.2 Shields
 + Level 5.2 Unarmed Combat
 + Level 7.3 Spellcasting
 + Level 4.3 Conjurations
 + Level 4.3 Hexes
 + Level 7.0 Charms
 + Level 4.3 Summonings
 + Level 4.3 Necromancy
 + Level 4.3 Translocations
 + Level 4.3 Transmutations
 + Level 4.3 Fire Magic
 + Level 4.3 Ice Magic
 + Level 4.3 Air Magic
 + Level 4.3 Earth Magic
 + Level 4.3 Poison Magic
 + Level 5.7 Invocations
 + Level 5.2 Evocations


You had 17 spell levels left.
You knew the following spells:

 Your Spells              Type           Power        Failure   Level  Hunger
a - Infusion              Chrm           ###.         1%          1    None
b - Shroud of Golubria    Chrm/Tloc      ###.......   1%          2    #......
c - Regeneration          Chrm/Necr      ###.......   1%          3    ##.....


Dungeon Overview and Level Annotations

Branches:
Dungeon (8/15)             Temple (1/1) D:7
   Lair: D:8-11

Altars:
Ashenzari
Elyvilon
Fedhas
Makhleb
Okawaru
Ru
Trog
Vehumet
Wu Jian
Xom
The Shining One

Shops:
D:6 *


Innate Abilities, Weirdness & Mutations

Your experience applies equally to all skills.
You have very sharp teeth.
Your uncanny sense of smell can sniff out nearby items.


Message History

Space distorts slightly along a thin shroud covering your body.
The orc shouts!
The orc warrior no longer looks unusually strong.
The orc warrior misses you. The orc barely misses you.
You feel much better. The orc warrior closely misses you.
The orc warrior hits you with a war axe!
* * * LOW HITPOINT WARNING * * *
Your shroud falls apart!
The orc misses you.
The helpless orc knight fails to defend itself.
You slash the orc knight!
The orc knight is severely wounded.
You hit the orc. You closely miss the orc warrior. You miss the orc warrior.
The orc warrior hits you with a hand axe!
* * * LOW HITPOINT WARNING * * *
The orc warrior hits you with a war axe!
* * * LOW HITPOINT WARNING * * *
The orc hits you but does no damage.
The orc warrior hits you with a hand axe.
You die...

##### #.∩.# ###...###
#.......# #...∩...#
#.......# #.......#
#####....o@.#####
≈≈≈≈.....oo..≈≈≈≈≈
≈≈≈≈≈≈≈g..≈≈≈≈≈≈≈≈
≈≈≈≈≈≈≈.oo≈≈≈≈≈≈≈≈
≈≈≈≈≈≈≈...≈≈≈≈≈≈≈≈
≈≈≈≈≈≈≈...≈≈≈≈≈≈≈≈ ≈
######≈≈≈≈...≈≈≈≈####
≈≈ #.'..#....).)....#
∆
≈≈≈###))#####)))#####


You could see an orc knight (paralysed), 2 orc warriors, a gnoll and 2 orcs.

Vanquished Creatures
  Pikel (D:7)
  2 kobold demonologists (Bailey)
  A troll (D:7)
  The ghost of aloneDruid the Chopper, an amateur DsGl (D:4)
  Menkaure (D:5)
  6 orc warriors (Bailey)
  2 sky beasts
  A slave (D:7)
  3 ogres
  2 phantoms
  2 centaurs (D:5)
  4 bullfrogs
  2 scorpions
  4 killer bees (D:8)
  5 wights (D:5)
  An electric eel (Bailey)
  2 howler monkeys (D:4)
  5 crimson imps
  A bullfrog zombie (D:7)
  3 hounds
  A jelly (D:5)
  3 orc wizards
  An orc priest (D:5)
  Crazy Yiuf (D:7)
  A bullfrog skeleton (D:4)
  2 centaur skeletons
  Terence (D:3)
  An iguana (D:4)
  6 worker ants
  3 big kobold zombies (Ossuary)
  2 mummies (Ossuary)
  Robin (D:3)
  A howler monkey zombie (D:7)
  2 worker ant zombies (D:5)
  8 gnolls
  12 adders
  A shadow imp (D:5)
  An ooze (D:1)
  3 adder zombies
  5 dart slugs
  5 leopard geckos
  10 orcs
  4 ball pythons
  5 giant cockroaches
  28 goblins
  13 hobgoblins
  17 jackals
  A quokka (D:3)
  6 bats
  4 frilled lizards
  4 gnoll zombies (Ossuary)
  2 hobgoblin zombies (Ossuary)
  2 jackal zombies
  4 kobolds
  6 kobold zombies (Ossuary)
  5 orc zombies (Ossuary)
  A quokka zombie (D:7)
  7 rats
229 creatures vanquished.

Notes
Turn   | Place    | Note
-------+----------+-------------------------------------------
     0 | D:1      | Kholdaimon the Gnoll Skald began the quest for the Orb.
     0 | D:1      | Reached XP level 1. HP: 20/20 MP: 6/6
   345 | D:1      | Reached XP level 2. HP: 25/26 MP: 7/7
   589 | D:1      | Reached XP level 3. HP: 25/31 MP: 9/9
   608 | D:1      | Reached skill level 5 in Spellcasting
   635 | D:1      | Learned a level 2 spell: Shroud of Golubria
   639 | D:1      | Learned a level 3 spell: Regeneration
   880 | D:2      | Reached skill level 1 in Invocations
  1118 | D:2      | Reached skill level 1 in Short Blades
  1118 | D:2      | Reached skill level 1 in Long Blades
  1118 | D:2      | Reached skill level 1 in Maces & Flails
  1118 | D:2      | Reached skill level 1 in Polearms
  1118 | D:2      | Reached skill level 1 in Staves
  1118 | D:2      | Reached skill level 1 in Slings
  1118 | D:2      | Reached skill level 1 in Bows
  1118 | D:2      | Reached skill level 1 in Crossbows
  1118 | D:2      | Reached skill level 1 in Throwing
  1118 | D:2      | Reached skill level 1 in Stealth
  1118 | D:2      | Reached skill level 1 in Shields
  1118 | D:2      | Reached skill level 1 in Unarmed Combat
  1118 | D:2      | Reached skill level 1 in Evocations
  1250 | D:2      | Reached XP level 4. HP: 38/38 MP: 11/11
  1714 | D:3      | Noticed Robin
  1719 | D:3      | Reached skill level 1 in Conjurations
  1719 | D:3      | Reached skill level 1 in Hexes
  1719 | D:3      | Reached skill level 1 in Summonings
  1719 | D:3      | Reached skill level 1 in Necromancy
  1719 | D:3      | Reached skill level 1 in Translocations
  1719 | D:3      | Reached skill level 1 in Transmutations
  1719 | D:3      | Reached skill level 1 in Fire Magic
  1719 | D:3      | Reached skill level 1 in Ice Magic
  1719 | D:3      | Reached skill level 1 in Air Magic
  1719 | D:3      | Reached skill level 1 in Earth Magic
  1719 | D:3      | Reached skill level 1 in Poison Magic
  2073 | D:3      | Killed Robin
  2073 | D:3      | Reached XP level 5. HP: 40/43 MP: 1/12
  2584 | D:3      | Noticed Terence
  2603 | D:3      | Killed Terence
  2770 | D:4      | Noticed a phantom
  2889 | D:4      | Reached XP level 6. HP: 10/50 MP: 5/13
  3261 | D:4      | Noticed a phantom
  3455 | D:3      | Killed a phantom
  3455 | D:3      | Reached skill level 5 in Fighting
  3455 | D:3      | Reached skill level 5 in Axes
  3455 | D:3      | Reached skill level 5 in Dodging
  3790 | D:4      | Reached XP level 7. HP: 56/56 MP: 0/15
  3943 | D:4      | Noticed aloneDruid's ghost (amateur DsGl)
  4086 | D:4      | Killed aloneDruid's ghost
  4580 | D:5      | Entered Level 5 of the Dungeon
  4635 | D:5      | Reached XP level 8. HP: 63/63 MP: 7/16
  5181 | D:5      | Found a bloodstained altar of Trog.
  5181 | D:5      | Found a blossoming altar of Fedhas.
  5181 | D:5      | Found an ornate altar of the Wu Jian Council.
  5421 | D:5      | Noticed Menkaure
  5430 | D:5      | Killed Menkaure
  5742 | D:5      | Reached XP level 9. HP: 66/69 MP: 18/18
  6023 | D:5      | Found a radiant altar of Vehumet.
  6262 | D:6      | Found a sand-covered staircase.
  6276 | Ossuary  | Entered an ossuary
  6868 | D:6      | Found Qaab's General Store.
  6929 | D:6      | Bought a scroll of identify for 30 gold pieces
  6983 | D:6      | Reached skill level 5 in Armour
  7539 | D:7      | Got a twisted leather armour
  7677 | D:7      | Noticed a troll
  7812 | D:7      | Found a burning altar of Makhleb.
  7812 | D:7      | Found a shimmering altar of Xom.
  7960 | D:7      | Noticed Pikel
  7975 | D:7      | Killed Pikel
  7975 | D:7      | Reached skill level 5 in Invocations
  8097 | D:7      | Found a staircase to the Ecumenical Temple.
  8103 | Temple   | Entered the Ecumenical Temple
  8127 | Temple   | Became a worshipper of Warmaster Okawaru
  8262 | D:7      | Found a runed door.
  8266 | D:7      | Noticed Crazy Yiuf
  8270 | D:7      | Killed Crazy Yiuf
  8375 | D:7      | Identified the +5 leather armour of Iqakog {rC+ Str+5 Int-4} (You found it on level 7 of the Dungeon)
  8429 | D:7      | Killed a troll
  8429 | D:7      | Reached XP level 10. HP: 54/77 MP: 9/20
  8928 | D:8      | Found a flagged portal.
  8934 | Bailey   | Entered a bailey
  8965 | Bailey   | Reached * piety under Okawaru
  9078 | Bailey   | Found an iron altar of Okawaru.
  9078 | Bailey   | Noticed a kobold demonologist
  9078 | Bailey   | Noticed a kobold demonologist
  9104 | Bailey   | Killed a kobold demonologist
  9104 | Bailey   | Reached skill level 5 in Short Blades
  9104 | Bailey   | Reached skill level 5 in Long Blades
  9104 | Bailey   | Reached skill level 5 in Maces & Flails
  9104 | Bailey   | Reached skill level 5 in Polearms
  9104 | Bailey   | Reached skill level 5 in Staves
  9104 | Bailey   | Reached skill level 5 in Slings
  9104 | Bailey   | Reached skill level 5 in Bows
  9104 | Bailey   | Reached skill level 5 in Crossbows
  9104 | Bailey   | Reached skill level 5 in Throwing
  9104 | Bailey   | Reached skill level 5 in Stealth
  9104 | Bailey   | Reached skill level 5 in Shields
  9104 | Bailey   | Reached skill level 5 in Unarmed Combat
  9104 | Bailey   | Reached skill level 5 in Evocations
  9134 | Bailey   | Killed a kobold demonologist
  9146 | Bailey   | Noticed an orc knight
  9395 | Bailey   | Reached ** piety under Okawaru
  9589 | Bailey   | HP: 2/79 [orc warrior/hand axe (11)]
  9594 | Bailey   | Slain by an orc warrior

Skill      XL: |  1  2  3  4  5  6  7  8  9 10 |
---------------+-------------------------------+-----
Spellcasting   | 5 6 7 |  7.3
Invocations    | 1 2 3 4 5 |  5.7
Short Blades   | 1 2 3 4 5 |  5.2
Long Blades    | 1 2 3 4 5 |  5.2
Maces & Flails | 1 2 3 4 5 |  5.2
Polearms       | 1 2 3 4 5 |  5.2
Staves         | 1 2 3 4 5 |  5.2
Slings         | 1 2 3 4 5 |  5.2
Bows           | 1 2 3 4 5 |  5.2
Crossbows      | 1 2 3 4 5 |  5.2
Throwing       | 1 2 3 4 5 |  5.2
Stealth        | 1 2 3 4 5 |  5.2
Shields        | 1 2 3 4 5 |  5.2
Unarmed Combat | 1 2 3 4 5 |  5.2
Evocations     | 1 2 3 4 5 |  5.2
Conjurations   | 1 2 3 4 |  4.3
Hexes          | 1 2 3 4 |  4.3
Summonings     | 1 2 3 4 |  4.3
Necromancy     | 1 2 3 4 |  4.3
Translocations | 1 2 3 4 |  4.3
Transmutations | 1 2 3 4 |  4.3
Fire Magic     | 1 2 3 4 |  4.3
Ice Magic      | 1 2 3 4 |  4.3
Air Magic      | 1 2 3 4 |  4.3
Earth Magic    | 1 2 3 4 |  4.3
Poison Magic   | 1 2 3 4 |  4.3
Armour         | 3 4 5 |  5.9
Fighting       | 5 6 7 |  7.0
Axes           | 5 6 7 |  7.0
Dodging        | 5 6 7 |  7.0
Charms         | 6 7 |  7.0

Action                   |  1- 3 |  4- 6 |  7- 9 | 10-12 || total
-------------------------+-------+-------+-------+-------++-------
Melee: Hand axe          |   145 |   189 |   116 |       ||   450
       Bite              |    14 |    17 |    47 |    15 ||    93
       Punch             |     1 |       |     6 |     1 ||     8
       War axe           |       |       |   219 |    97 ||   316
       Long sword        |       |       |    26 |       ||    26
 Fire: Hunting sling     |       |    15 |       |       ||    15
       Shortbow          |       |       |    94 |    16 ||   110
Throw: Stone             |       |     3 |       |       ||     3
 Cast: Regeneration      |     5 |     8 |    15 |     7 ||    35
       Infusion          |     1 |     9 |    13 |     8 ||    31
       Shroud of Golubri |       |    10 |    15 |    15 ||    40
Evoke: Wand              |       |       |       |     3 ||     3
  Use: Scroll            |       |     9 |    15 |     1 ||    25
       Potion            |       |       |       |     1 ||     1
 Stab: Sleeping          |     1 |       |     4 |     1 ||     6
       Paralysed         |       |       |       |     1 ||     1
  Eat: Chunk             |     2 |     8 |    16 |     2 ||    28
       Ration            |       |       |       |     1 ||     1
Armor: Leather armour    |    22 |    19 |     9 |    45 ||    95
       Ring mail         |       |    47 |   136 |       ||   183
Dodge: Dodged            |   106 |   190 |   261 |    75 ||   632
       Rpst.: Long sword |       |       |     7 |       ||     7
